 Dungeon Crawl Stone Soup version 0.14-a0-1969-g2c76abe (webtiles) character file.

554 Kae the Insei (level 6, -8/47 HPs)
             Began as a Draconian Transmuter on Jan 16, 2014.
             Mangled by Menkaure (16 damage)
             ... on Level 4 of the Dungeon.
             The game lasted 00:08:07 (4094 turns).

Kae the Insei (Draconian Transmuter)                Turns: 4094, Time: 00:08:07

HP  -8/47        AC  9     Str 13      XL: 6   Next: 44%
MP   9/10        EV 12     Int 13      God:
Gold 179         SH  0     Dex 13      Spells:  5 memorised,  0 levels left

rFire  . . .     SeeInvis .       - Unarmed
rCold  . . .     Clarity  .     (armour unavailable)
rNeg   . . .     Conserve .     (no shield)
rPois  .         rCorr    .     (helmet restricted)
rElec  .         rRot     .     (no cloak)
SustAb . .       Spirit   .     B - +2 pair of orc gloves
rMut   .         Warding  .     (no boots)
Saprov . . .     Stasis   .     (no amulet)
MR     .....                    (no ring)
                                (no ring)

@: appendage, not resistant to hostile enchantments, unstealthy
A: unfitting armour, horns 2, AC +6
a: End Transformation


You were on level 4 of the Dungeon.
You were hungry.
You had grown temporary horns.
You visited 1 branch of the dungeon, and saw 4 of its levels.

You collected 179 gold pieces.

Inventory:

Missiles
 b - 30 arrows
Armour
 B - a +2 pair of orcish gloves (worn)
Magical devices
 w - a wand of flame (13)
Comestibles
 a - 5 bread rations
 g - a meat ration
 j - a chunk of hobgoblin flesh
 k - an apple
Scrolls
 c - 3 scrolls of enchant weapon II {unknown}
 e - a scroll of noise
 h - a scroll of enchant armour {unknown}
 i - a scroll of curse weapon {unknown}
Jewellery
 f - an uncursed amulet of the gourmand {unknown}
Books
 d - a book of Changes

   Spells                             Type                      Level
   *Beastly Appendage                 Transmutation                1
   *Sticks to Snakes                  Transmutation                2
   *Spider Form                       Transmutation/Poison         3
   Ice Form                           Ice/Transmutation            4
   Blade Hands                        Transmutation                5
 v - a Young Poisoner's Handbook

   Spells                             Type                      Level
   *Sting                             Conjuration/Poison           1
   *Cure Poison                       Poison                       2
   Mephitic Cloud                     Conjuration/Poison/Air       3
   Olgreb's Toxic Radiance            Poison                       4
   Venom Bolt                         Conjuration/Poison           5


   Skills:
 - Level 1.1 Fighting
 - Level 1.7 Dodging
 * Level 6.2 Unarmed Combat
 - Level 2.0 Spellcasting
 + Level 4.2 Transmutations


You couldn't memorise any spells.
You knew the following spells:

 Your Spells              Type           Power        Failure   Level  Hunger
a - Beastly Appendage     Trmt           ##....       6%          1    ##.....
b - Sticks to Snakes      Trmt           ##........   10%         2    ###....
c - Sting                 Conj/Pois      #...         24%         1    ##.....
d - Cure Poison           Pois           #.........   38%         2    ###....
e - Spider Form           Trmt/Pois      #.........   34%         3    ####...


Dungeon Overview and Level Annotations

Branches:
Dungeon (4/16)
 Temple: D:4-7

Altars:
Yredelemnul

Annotations:
D:4 Menkaure


Innate Abilities, Weirdness & Mutations

Your plain brown scales are hard (AC +6).*
Your body does not fit into most forms of armour.
Your cold-blooded metabolism reacts poorly to cold.
You have a pair of horns on your head.*


Message History

Menkaure closely misses you.
You hit Menkaure. You punch Menkaure, but do no damage.
Menkaure is moderately damaged.
Menkaure hits you!
You hit Menkaure.
Menkaure is moderately damaged.
The hobgoblin hits you but does no damage.
Menkaure mumbles some strange words.
Menkaure seems to speed up.
You hit Menkaure.
Menkaure is heavily damaged.
The hobgoblin hits you but does no damage.
Menkaure closely misses you.
Casting: Beastly Appendage
Confirm with . or Enter, or press ? or * to list all spells.
You grow a pair of large bovine horns.
Menkaure hits you!
* * * LOW HITPOINT WARNING * * *
The hobgoblin misses you. Menkaure hits you!
You die...

.. .. .... ...### ....#
......# ....#
....#.###....#
..............#.
.........M...>.'## ####
.........@g....... ....
.............##.## ....
................... .....
.........#######.##.. .....
.........# #.##........
.........# #.##........
#####....#######.##........
##...........##...####.
#...............# #.


You could see Menkaure and a hobgoblin.

Vanquished Creatures
  An ogre (D:3)
  The ghost of Kae the Insei, an average DrTm (D:3)
  An orc priest (D:3)
  A worker ant (D:4)
  Ijyb (D:3)
  Terence (D:2)
  2 adders (D:3)
  A giant mite (D:3)
  A worm (D:3)
  An ooze (D:3)
  6 orcs (D:3)
  2 ball pythons
  A bat skeleton (D:4)
  4 goblins
  9 hobgoblins
  14 jackals
  2 quokkas (D:3)
  10 bats
  A giant cockroach (D:2)
  6 giant geckos
  2 giant newts
  6 kobolds
  12 rats
86 creatures vanquished.

Notes
Turn   | Place    | Note
--------------------------------------------------------------
     0 | D:1      | Kae, the Draconian Transmuter, began the quest for the Orb.
     0 | D:1      | Reached XP level 1. HP: 16/16 MP: 3/3
   149 | D:1      | Reached XP level 2. HP: 4/23 MP: 2/4
   776 | D:2      | Reached XP level 3. HP: 19/28 MP: 4/6
   888 | D:2      | Learned a level 2 spell: Sticks to Snakes
   890 | D:2      | Learned a level 1 spell: Sting
   898 | D:2      | Noticed Terence
   922 | D:2      | HP: 1/28 [Terence/hand axe (7)]
   923 | D:2      | Killed Terence
   923 | D:2      | Reached skill level 4 in Unarmed Combat
  1746 | D:3      | Noticed an ogre
  1758 | D:3      | Killed an ogre
  1758 | D:3      | Reached skill level 5 in Unarmed Combat
  1758 | D:3      | Reached XP level 4. HP: 35/35 MP: 5/7
  1758 | D:3      | Reached XP level 5. HP: 40/40 MP: 6/9
  1834 | D:3      | Learned a level 2 spell: Cure Poison
  2666 | D:3      | Noticed Kae's ghost (average DrTm)
  2696 | D:3      | HP: 2/40 [Kae's ghost (5)]
  3021 | D:3      | HP: 1/40 [Kae's ghost (10)]
  3350 | D:3      | Killed Kae's ghost
  3350 | D:3      | Reached skill level 6 in Unarmed Combat
  3350 | D:3      | Reached XP level 6. HP: 7/47 MP: 10/10
  3700 | D:3      | Noticed Ijyb
  3742 | D:3      | Killed Ijyb
  3802 | D:3      | Found a basalt altar of Yredelemnul.
  3985 | D:4      | Learned a level 3 spell: Spider Form
  4083 | D:4      | Noticed Menkaure
  4094 | D:4      | Mangled by Menkaure

Action                   |  1- 3 |  4- 6 || total
-------------------------+-------+-------++-------
Melee: Unarmed           |   190 |   197 ||   387
 Cast: Beastly Appendage |    16 |    17 ||    33
       Sting             |     1 |       ||     1
       Cure Poison       |       |     2 ||     2
  Use: Scroll            |       |    11 ||    11
       Potion            |       |     5 ||     5
 Stab: Distracted        |       |     1 ||     1
